 Dungeon Crawl Stone Soup version 0.24.0-13-gcf9b319 (webtiles) character file.

Game seed: 6269437281154054149, levelgen mode: deterministic

2346 Fang the Skirmisher (level 9, 0/85 HPs)
             Began as a Gargoyle Berserker on Nov 11, 2019.
             Was an Elder of Trog.
             Slain by Harold
             ... wielding a +0 hand axe
              (5 damage)
             ... on level 7 of the Dungeon.
             The game lasted 00:07:29 (6060 turns).

Fang the Skirmisher (Gargoyle Berserker)            Turns: 6060, Time: 00:07:30

Health: 0/85       AC: 16    Str: 29    XL:     9   Next: 43%
Magic:  9/9        EV: 11    Int:  8    God:    Trog [****..]
Gold:   352        SH:  0    Dex:  9    Spells: 8/8 levels left

rFire    . . .     SeeInvis +   a - +0 war axe
rCold    . . .     Gourm    .   (no shield)
rNeg     + . .     Faith    .   b - +0 chain mail
rPois    ∞         Spirit   .   (no helmet)
rElec    +         Reflect  .   (no cloak)
rCorr    .         Harm     .   (no gloves)
MR       .....                  (no boots)
Stlth    ..........             r - amulet of rage
HPRegen  0.24/turn              k - ring of see invisible (curse)
MPRegen  0.11/turn              (no ring)

@: berserking, marked, lightly drained, very quick
A: negative energy resistance 1, electricity resistance, unbreathing,
petrification resistance, rot immunity, AC +6
a: Berserk, Trog's Hand, Brothers in Arms, Renounce Religion, Evoke Berserk Rage


You were on level 7 of the Dungeon.
You worshipped Trog.
Trog was greatly pleased with you.
You were not hungry.

You visited 2 branches of the dungeon, and saw 8 of its levels.
You also visited: Sewer.

You collected 352 gold pieces.

Inventory:

Hand Weapons
 a - a +0 war axe (weapon)
Armour
 b - a +0 chain mail (worn)
Jewellery
 k - a cursed ring of see invisible (left hand)
 r - an amulet of rage (around neck)
Wands
 q - a wand of iceblast (8)
 v - a wand of disintegration (8)
Scrolls
 f - a scroll of magic mapping {unknown}
 g - 6 scrolls of remove curse {unknown}
 h - 2 scrolls of blinking {unknown}
 l - 5 scrolls of identify {unknown}
 o - a scroll of teleportation {unknown}
 p - a scroll of enchant armour {unknown}
 x - a scroll of fear {unknown}
 y - a scroll of summoning {unknown}
Potions
 d - a potion of brilliance {unknown}
 e - 2 potions of curing {unknown}
 i - a potion of haste {unknown}
 j - a potion of heal wounds {unknown}
 m - a potion of magic {unknown}
 n - 2 potions of resistance {unknown}
 s - a potion of degeneration {unknown}
 t - 2 potions of agility {unknown}
 u - 2 potions of mutation {unknown}
Comestibles
 c - 14 rations
 w - a chunk of flesh


   Skills:
 + Level 7.5(7.1) Fighting
 + Level 6.2(5.8) Axes
 + Level 7.1(6.7) Armour
 + Level 5.3(4.9) Dodging


You had 8 spell levels left.
You didn't know any spells.
Your spell library was empty.

Dungeon Overview and Level Annotations

Branches:
Dungeon (7/15)             Temple (1/1) D:4           Sewer (visited)

Altars:
Dithmenos
Qazlal
Ru
Sif Muna
Xom

Shops:
D:6 [

Annotations:
D:7 Harold


Innate Abilities, Weirdness & Mutations

You are resistant to torment.
Your stone body is resilient. (AC +6)
You are immune to poison.
You resist negative energy. (rN+)
You are resistant to electric shocks. (rElec)
You can survive without breathing.
You are immune to petrification.
You are immune to rotting.


Message History

You kill the orc warrior!
Trog accepts your kill.
You hit Harold.
Harold considers, "I think I'll use your bounty to get a nice plot of land..."
Harold hits you with a +0 hand axe.
* * * LOW HITPOINT WARNING * * *
Harold hits you with a +0 hand axe.
* * * LOW HITPOINT WARNING * * *
Things that are here:
a cursed -2 glaive; a +0 chain mail You closely miss Harold.
Harold is moderately wounded.
You miss the crimson imp. The crimson imp barely misses you.
You slash Harold!
Harold is heavily wounded.
You slash the crimson imp!
You kill the crimson imp!
Trog accepts your kill. Harold hits you with a +0 hand axe.
You die...

### #.# .. #.# #
##.##@## .. ......
## #. ..... = ##..
#..# .#
#....#.[#####.###.#
#.......?@.......#
##.$.....@<[.##..#
##.########.# #. .#
#. # #. #


You could see Harold.

Vanquished Creatures
  Pikel (D:4)
  Grinder (D:5)
  A water moccasin (D:5)
  An orc warrior (D:7)
  3 slaves (D:4)
  A black bear (D:6)
  Purgy (Sewer)
  An ogre (D:3)
  A phantom (D:4)
  3 centaurs (D:5)
  A scorpion (D:6)
  4 wights (D:6)
  4 crimson imps
  A bullfrog zombie (D:5)
  A jelly (D:5)
  A hound (D:6)
  An orc priest (D:3)
  A bullfrog skeleton (D:4)
  An orc wizard (D:7)
  3 iguanas
  A hound skeleton (D:6)
  A worker ant zombie (D:6)
  4 gnolls (D:3)
  7 adders
  A shadow imp (D:5)
  2 oozes
  An adder zombie (D:5)
  A worm (D:3)
  2 dart slugs
  4 leopard geckos
  15 orcs
  7 bats
  9 giant cockroaches
  10 hobgoblins
  8 jackals
  9 kobolds
  2 quokkas
  3 ball pythons
  6 frilled lizards
  13 goblins
  A leopard gecko zombie (D:5)
  6 rats
145 creatures vanquished.

Notes
Turn   | Place    | Note
-------+----------+-------------------------------------------
     0 | D:1      | Fang the Gargoyle Berserker began the quest for the Orb.
     0 | D:1      | Reached XP level 1. HP: 14/14 MP: 1/1
    83 | D:1      | Reached XP level 2. HP: 15/19 MP: 2/2
   643 | D:2      | Reached XP level 3. HP: 20/23 MP: 3/3
   661 | D:2      | Reached ** piety under Trog
  1431 | D:2      | Reached XP level 4. HP: 29/29 MP: 4/4
  1849 | D:3      | Found a sacrificial altar of Ru.
  1983 | D:3      | Reached XP level 5. HP: 5/33 MP: 5/5
  1985 | D:3      | Reached *** piety under Trog
  2229 | D:3      | Noticed an ogre
  2238 | D:3      | Killed an ogre
  2238 | D:3      | Reached XP level 6. HP: 39/39 MP: 6/6
  2385 | D:3      | Found a shadowy altar of Dithmenos.
  2826 | D:4      | Noticed a phantom
  2866 | D:4      | Killed a phantom
  2866 | D:4      | Reached skill level 5 in Fighting
  2866 | D:4      | Reached XP level 7. HP: 25/44 MP: 7/7
  3012 | D:4      | Noticed Pikel
  3038 | D:4      | Killed Pikel
  3038 | D:4      | Reached skill level 5 in Armour
  3038 | D:4      | Reached XP level 8. HP: 37/51 MP: 8/8
  3057 | D:4      | Found a glowing drain.
  3180 | Sewer    | Entered a sewer
  3192 | Sewer    | Noticed Purgy
  3203 | Sewer    | Killed Purgy
  3203 | Sewer    | Reached skill level 5 in Axes
  3367 | D:4      | Found a staircase to the Ecumenical Temple.
  3531 | D:4      | Found a shimmering altar of Xom.
  3570 | Temple   | Entered the Ecumenical Temple
  3584 | D:5      | Entered Level 5 of the Dungeon
  3667 | D:5      | Noticed Grinder
  3685 | D:5      | Paralysed by Grinder for 2 turns
  3689 | D:5      | Killed Grinder
  4072 | D:5      | Reached **** piety under Trog
  4318 | D:5      | Reached XP level 9. HP: 29/57 MP: 9/9
  4946 | D:6      | Reached skill level 5 in Dodging
  4994 | D:6      | Found Afol Xok's Antique Armour Boutique.
  5972 | D:7      | Noticed Harold
  6060 | D:7      | Slain by Harold

Levels and vault maps discovered:
D:1:      co_arrival_square_in_a_square_in_a_square, layout_loops_ring
D:2:      layout_basic, first_ration, minmay_goblin_outpost
D:3:      minmay_diamond_boxcup, layout_basic, overflow_temple_1_default,
          nicolae_dithmenos_shadow_blocks
D:4:      layout_gridville, marbit_many_paths, minmay_temple_entry_hall,
          portal_sewer_entry_f, uniq_pikel
D:5:      minmay_thinvault, layout_basic, uniq_grinder
D:6:      black_bear_nest_2, layout_loops_corners, serial_shops,
          nicolae_shop_waterfront
D:7:      layout_loops_ring, nicolae_ossuary_entry_catacombs, uniq_joseph,
          uniq_harold
Temple:   regret_index_temple_mists

Skill      XL: |  1  2  3  4  5  6  7  8  9 |
---------------+----------------------------+-----
Axes           | 3 4 5 6 |  6.2
Dodging        | 2 3 4 5 |  5.3
Armour         | 3 4 5 6 7 |  7.1
Fighting       | 4 5 7 |  7.5

Action                   |  1- 3 |  4- 6 |  7- 9 || total
-------------------------+-------+-------+-------++-------
Melee: Hand axe          |   102 |   208 |   230 ||   540
       War axe           |       |       |    69 ||    69
Invok: Berserk           |       |     2 |     4 ||     6
       Trog's Hand       |       |     1 |     1 ||     2
  Eat: Chunk             |     2 |     7 |    12 ||    21
       Ration            |       |       |     1 ||     1
Armor: Animal skin       |    39 |    25 |       ||    64
       Chain mail        |       |   107 |   240 ||   347
Dodge: Dodged            |    82 |    96 |   195 ||   373
